 Dungeon Crawl Stone Soup version 0.20.1-1-g8b1a95d (console) character file.

2759 hilaritas the Frost Mage (level 9, -3/45 HPs)
             Began as a Deep Elf Ice Elementalist on Aug 27, 2017.
             Was a Priest of Vehumet.
             Killed by divine providence
             ... invoked by an orc priest
              (15 damage)
             ... on level 7 of the Dungeon.
             The game lasted 00:28:14 (9858 turns).

hilaritas the Frost Mage (DEIE)                     Turns: 9858, Time: 00:28:14

Health: -3/45      AC: 11    Str:  7    XL:     9   Next: 41%
Magic:  13/21      EV: 13    Int: 22    God:    Vehumet [***...]
Gold:   415        SH:  0    Dex: 15    Spells: 5/22 levels left

rFire    . . .     SeeInvis .   j - +1 dagger
rCold    . . .     Gourm    .   (no shield)
rNeg     . . .     Faith    +   a - +1 robe
rPois    .         Spirit   .   v - +0 helmet
rElec    .         Reflect  .   (no cloak)
rCorr    .         Harm     .   (no gloves)
MR       .....                  (no boots)
Stlth    ++........             n - amulet of faith
Regen    0.2/turn               (no ring)
MPRegen  0.2/turn               (no ring)

@: icy armour, slow
A: no striking features
a: Renounce Religion


You were on level 7 of the Dungeon.
You worshipped Vehumet.
Vehumet was most pleased with you.
You were hungry.

You visited 1 branch of the dungeon, and saw 7 of its levels.
You also visited: Sewer.

You collected 415 gold pieces.

Inventory:

Hand Weapons
 j - a +1 dagger (weapon)
Missiles
 g - 128 arrows
 o - 221 stones (quivered)
Armour
 a - a +1 robe (worn)
 s - a +1 leather armour of cold resistance
 v - a +0 helmet (worn)
Jewellery
 n - an amulet of faith (around neck)
 y - the ring of Golepusi {*Tele Int-5 Dex+6 SInv}
   (You found it on level 7 of the Dungeon)

   [ring of teleportation]

   It may teleport you next to monsters.
   It affects your intelligence (-5).
   It affects your dexterity (+6).
   It lets you see invisible.
Wands
 p - a wand of acid (5/15)
 B - a wand of digging (16/24)
Scrolls
 h - 5 scrolls of identify
 t - 6 scrolls of teleportation
 w - 2 scrolls of magic mapping
 x - a scroll of enchant armour
Potions
 d - a potion of lignification
 e - a potion of haste
 f - a potion of mutation {unknown}
 i - 4 potions of agility
 k - 3 potions of curing
 q - a potion of magic {unknown}
 r - 4 potions of might
 z - a potion of berserk rage {unknown}
 A - a potion of heal wounds
Books
 b - a book of Frost

   Spells                             Type                      Level
   a - Freeze                         Ice                          1
   b - Throw Frost                    Conjuration/Ice              2
   c - Ozocubu's Armour               Charms/Ice                   3
   d - Throw Icicle                   Conjuration/Ice              4
   e - Summon Ice Beast               Ice/Summoning                4
Comestibles
 c - 7 bread rations
 l - a meat ration
 m - a royal jelly


   Skills:
 - Level 2.4 Dodging
 - Level 2.4 Stealth
 - Level 7.3 Spellcasting
 * Level 9.1 Conjurations
 - Level 10.0 Ice Magic


You had 5 spell levels left.
You knew the following spells:

 Your Spells              Type           Power        Failure   Level  Hunger
a - Freeze                Ice            ####         1%          1    None
b - Throw Frost           Conj/Ice       ######       1%          2    None
c - Ozocubu's Armour      Chrm/Ice       ####....     3%          3    None
d - Sandblast             Erth           #.....       2%          1    None
e - Throw Icicle          Conj/Ice       ######..     1%          4    ###....
f - Searing Ray           Conj           #####.       1%          2    None
g - Summon Ice Beast      Ice/Summ       ####....     10%         4    ###....


Dungeon Overview and Level Annotations

Branches:
Dungeon (7/15)             Temple (0/1) D:6

Altars:
Ashenzari
Cheibriados
Dithmenos
Fedhas
Hepliaklqana
Kikubaaqudgha
Nemelex Xobeh
Qazlal
Ru
Sif Muna
Vehumet
Zin


Message History

Okay, then.
The orc priest closely misses your ice beast.
The centaur shoots an arrow.
The arrow barely misses you.
The orc wizard barely misses your ice beast.
Your ice beast barely misses the orc priest.
You see here an arrow.
Casting: Sandblast
Confirm with . or Enter, or press ? or * to list all spells.
Aiming: Sandblast
Press: ? - help, Shift-Dir - straight line, f - orc priest, p - centaur
Aim: an orc priest, wielding a flail and wearing a leather armour Out of range.
Okay, then.
The orc wizard barely misses your ice beast.
The centaur unwields an uncursed shortbow.
The centaur misses you.
The orc priest hits your ice beast with a hand axe.
The orc priest calls down the wrath of Beogh upon you.
Beogh smites you!
You die...

#..#...#.#.##.##..........##.#
#........#.##.##..........##.#
#####...........(............+...
#.............##.##..........##.#
#####.#.########(##..........##.#
##....#.# #(##..........##.#
#.....#.# #(##[##.########.#
#####.#.# #(##.##.# #.# #.#.#
#@##.##.########.# #.#.#
#c##.##........... #.#.#
#Yo..............# #.#.#
#oo......######### #.#.#
#.)......# # #.#.#
#........######### #.#.#
#)...........).... #.#.#
#........######### #.#.#
#........#


You could see a centaur, 2 orc priests, an orc wizard and a friendly ice beast.

Vanquished Creatures
  Pikel (D:4)
  Edmund (D:4)
  A sky beast (D:5)
  2 phantoms
  2 centaurs (D:6)
  A necrophage (D:7)
  3 ogres
  2 big kobolds (Sewer)
  2 bullfrogs (D:3)
  3 howler monkeys
  A crimson imp (D:5)
  2 centaur skeletons
  2 hounds
  A jelly (D:7)
  A bullfrog skeleton (D:5)
  An iron imp (D:5)
  3 orc wizards
  An iguana (D:6)
  5 worker ants
  A killer bee zombie (D:7)
  5 river rats (Sewer)
  14 adders
  3 gnolls (D:6)
  2 shadow imps
  An ooze (D:1)
  An adder zombie (D:7)
  2 adder skeletons
  2 worms
  A dart slug (D:1)
  3 leopard geckos
  14 orcs
  6 ball pythons
  9 goblins
  8 hobgoblins
  8 jackals (D:3)
  6 quokkas
  6 bats
  9 frilled lizards
  24 kobolds
  2 quokka skeletons
  26 rats
188 creatures vanquished.

Vanquished Creatures (collateral kills)
  2 orcs (D:7)
2 creatures vanquished.

Vanquished Creatures (others)
  A slave (D:4)
  A howler monkey (D:4)
  An adder (D:4)
  2 worms (D:4)
  A giant cockroach (D:4)
  A jackal (D:4)
  A quokka (D:4)
  A leopard gecko skeleton (D:4)
9 creatures vanquished.

Grand Total: 199 creatures vanquished

Notes
Turn   | Place    | Note
-------+----------+-------------------------------------------
     0 | D:1      | hilaritas the Deep Elf Ice Elementalist began the quest for the Orb.
     0 | D:1      | Reached XP level 1. HP: 10/10 MP: 6/6
   294 | D:1      | Reached XP level 2. HP: 15/15 MP: 6/8
   297 | D:1      | Reached skill level 4 in Ice Magic
   873 | D:1      | Reached XP level 3. HP: 19/19 MP: 6/9
  1115 | D:2      | Found a radiant altar of Vehumet.
  1124 | D:2      | Became a worshipper of Vehumet
  1169 | D:2      | Learned a level 2 spell: Throw Frost
  1173 | D:2      | Learned a level 3 spell: Ozocubu's Armour
  1393 | D:2      | Reached skill level 5 in Ice Magic
  1998 | D:3      | Reached XP level 4. HP: 24/24 MP: 5/10
  2054 | D:3      | Noticed a bullfrog
  2063 | D:3      | Killed a bullfrog
  2104 | D:3      | Reached XP level 5. HP: 22/28 MP: 4/11
  2205 | D:3      | Found a glowing drain.
  2210 | D:3      | Reached * piety under Vehumet
  2210 | D:3      | Offered knowledge of Sandblast by Vehumet.
  2213 | D:3      | Learned a level 1 spell: Sandblast
  2222 | Sewer    | Entered a sewer
  2228 | Sewer    | Learned a level 4 spell: Throw Icicle
  2593 | Sewer    | Reached skill level 5 in Spellcasting
  2782 | Sewer    | HP: 1/28 [river rat (7)]
  2786 | Sewer    | Reached XP level 6. HP: 23/32 MP: 2/16
  2957 | Sewer    | Reached ** piety under Vehumet
  2957 | Sewer    | Offered knowledge of Searing Ray by Vehumet.
  2994 | Sewer    | Learned a level 2 spell: Searing Ray
  3708 | D:3      | Learned a level 4 spell: Summon Ice Beast
  4395 | D:3      | Offered knowledge of Conjure Flame by Vehumet.
  4593 | D:3      | Found a deep blue altar of Sif Muna.
  4784 | D:4      | Noticed Pikel
  4784 | D:4      | Noticed a slave
  4784 | D:4      | Noticed a slave
  4788 | D:4      | Noticed a slave
  4798 | D:4      | Killed Pikel
  4798 | D:4      | Reached skill level 5 in Conjurations
  4798 | D:4      | Reached skill level 7 in Ice Magic
  4798 | D:4      | Reached XP level 7. HP: 27/36 MP: 11/19
  4805 | D:4      | Reached XP level 8. HP: 20/41 MP: 9/20
  4979 | D:4      | Noticed Edmund
  4991 | D:4      | Killed Edmund
  5085 | D:4      | HP: 1/41 [acid (17)]
  5088 | D:4      | Reached skill level 8 in Ice Magic
  5265 | D:4      | Found a hazy altar of Hepliaklqana.
  5303 | D:4      | Found a blossoming altar of Fedhas.
  5317 | D:4      | Found a stormy altar of Qazlal.
  5576 | D:4      | HP: 1/41 [phantom (10)]
  5777 | D:4      | Found a glowing silver altar of Zin.
  5777 | D:4      | Found a shattered altar of Ashenzari.
  5778 | D:4      | Found a sparkling altar of Nemelex Xobeh.
  5796 | D:4      | Found a sacrificial altar of Ru.
  6053 | D:5      | Entered Level 5 of the Dungeon
  6282 | D:5      | Found an ancient bone altar of Kikubaaqudgha.
  6408 | D:5      | Reached skill level 9 in Ice Magic
  6559 | D:5      | Reached *** piety under Vehumet
  7129 | D:5      | Found a snail-covered altar of Cheibriados.
  7746 | D:6      | Offered knowledge of Airstrike by Vehumet.
  7768 | D:6      | Reached skill level 10 in Ice Magic
  7933 | D:6      | Reached XP level 9. HP: 38/45 MP: 0/21
  8364 | D:6      | Found a staircase to the Ecumenical Temple.
  8414 | D:6      | Found a shadowy altar of Dithmenos.
  8929 | D:7      | Got a faintly glowing bone ring
  8930 | D:7      | Identified the ring of Golepusi {*Tele Int-5 Dex+6 SInv} (You found it on level 7 of the Dungeon)
  9858 | D:7      | Killed from afar by an orc priest

Skill      XL: |  1  2  3  4  5  6  7  8  9 |
---------------+----------------------------+-----
Ice Magic      | 4 5 7 10 | 10.0
Conjurations   | 2 3 5 6 9 |  9.1
Spellcasting   | 5 7 |  7.3
Dodging        | |  2.4
Stealth        | |  2.4

Action                   |  1- 3 |  4- 6 |  7- 9 || total
-------------------------+-------+-------+-------++-------
Melee: Unarmed           |     3 |       |       ||     3
       Dagger            |     4 |     5 |    66 ||    75
 Cast: Freeze            |    64 |   148 |    66 ||   278
       Ozocubu's Armour  |       |     2 |    14 ||    16
       Throw Frost       |       |     3 |    93 ||    96
       Sandblast         |       |       |    14 ||    14
       Throw Icicle      |       |       |    26 ||    26
       Summon Ice Beast  |       |       |     6 ||     6
  Use: Scroll            |     4 |     6 |     7 ||    17
       Potion            |       |     1 |     8 ||     9
  Eat: Chunk             |     3 |     9 |    13 ||    25
       Fruit             |       |       |     3 ||     3
       Royal jelly       |       |       |     1 ||     1
Armor: Robe              |     2 |    18 |    32 ||    52
       Skin              |       |       |     7 ||     7
Dodge: Dodged            |    22 |   100 |    87 ||   209
